[Event "Bionext Festival 2019"]
[Site "Chihuahua"]
[Date "2019.11.30"]
[Round "3.2"]
[White "Ortiz Suarez, Isan Reynaldo"]
[Black "Corrales Jimenez, Zenia"]
[Result "1-0"]
[ECO "D77"]
[WhiteElo "2549"]
[BlackElo "2219"]
[Annotator "ChessBase"]
[PlyCount "77"]
[EventDate "2019.11.30"]
[EventType "swiss"]
[EventCountry "MEX"]
[SourceTitle "playchess.com"]
[Source "ChessBase"]
[SourceQuality "1"]
[TimeControl "5400+30"]

1. Nf3 Nf6 2. c4 g6 3. g3 Bg7 4. Bg2 O-O 5. d4 d5 6. O-O dxc4 7. Na3 Nc6 8. Nxc4 Be6 9. b3 Bd5 10. Bb2 a5 11. Rc1 Re8 12. e3 Ne4 13. a3 e6 14. Qc2 Ng5 15. Ncd2 Nxf3+ 16. Nxf3 f5 17. Rfd1 a4 18. bxa4 Be4 19. Qc4 Qd5 20. Ne1 Bxg2 21. Nxg2 Qxc4 22. Rxc4 e5 23. d5 Red8 24. Rcc1 Ne7 25. Rxc7 Nxd5 26. Rxb7 Rdb8 27. Rxg7+ Kxg7 28. Bxe5+ Kf7 29. Bxb8 Rxb8 30. Rxd5 Rb1+ 31. Ne1 Rxe1+ 32. Kg2 Ke6 33. Rb5 Ra1 34. Rb3 Rc1 35. Rb7 h6 36. h4 Rc4 37. Rb4 Rc3 38. Rb6+ Kf7 39. h5 1-0

[Event "Bionext Festival 2019"]
[Site "Chihuahua"]
[Date "2019.11.30"]
[Round "3.3"]
[White "Gomez, Zuniga David Fernand"]
[Black "Cuenca Jimenez, Jose Fernando"]
[Result "0-1"]
[ECO "E63"]
[WhiteElo "2078"]
[BlackElo "2523"]
[Annotator "ChessBase"]
[PlyCount "82"]
[EventDate "2019.11.30"]
[EventType "swiss"]
[EventCountry "MEX"]
[SourceTitle "playchess.com"]
[Source "ChessBase"]
[SourceQuality "1"]
[TimeControl "5400+30"]

1. d4 Nf6 2. c4 g6 3. Nf3 Bg7 4. g3 O-O 5. Bg2 d6 6. Nc3 Nc6 7. O-O a6 8. Qd3 Nd7 9. Be3 e5 10. d5 Ne7 11. Bd2 f5 12. e4 Nc5 13. Qc2 a5 14. Be3 b6 15. a3 fxe4 16. Ng5 Nf5 17. Ngxe4 Nd4 18. Qd1 Ncb3 19. Bxd4 Nxd4 20. Nb5 Bf5 21. Nxd4 exd4 22. Qd3 a4 23. Rae1 Qd7 24. h3 g5 25. g4 Bg6 26. Qd2 h6 27. Ng3 Rae8 28. Be4 Bxe4 29. Rxe4 Rxe4 30. Nxe4 Be5 31. Qd3 Qf7 32. Ng3 Bxg3 33. fxg3 Qxf1+ 34. Qxf1 Rxf1+ 35. Kxf1 Kf7 36. Ke2 Kf6 37. Kd3 Ke5 38. h4 b5 39. cxb5 Kxd5 40. b3 axb3 41. a4 Ke5 {[%emt 0:00:00] Kxd4+} 0-1

[Event "Bionext Festival 2019"]
[Site "Chihuahua"]
[Date "2019.11.30"]
[Round "3.4"]
[White "Macieja, Bartlomiej"]
[Black "Hernandez Moya, Yuleisy"]
[Result "1-0"]
[ECO "A86"]
[WhiteElo "2513"]
[BlackElo "2181"]
[Annotator "ChessBase"]
[PlyCount "93"]
[EventDate "2019.11.30"]
[EventType "swiss"]
[EventCountry "MEX"]
[SourceTitle "playchess.com"]
[Source "ChessBase"]
[SourceQuality "1"]
[TimeControl "5400+30"]

1. d4 f5 2. c4 Nf6 3. g3 g6 4. Bg2 Bg7 5. Nc3 d6 6. Nh3 c6 7. O-O O-O 8. d5 e5 9. dxe6 Bxe6 10. Qb3 Qe7 11. Ng5 Bf7 12. Bf4 Na6 13. Nxf7 Rxf7 14. Rad1 Rd8 15. Qa3 Nc5 16. Qxa7 Nh5 17. Bc1 f4 18. Bf3 fxg3 19. hxg3 Qe5 20. Kg2 Rdf8 21. Qa3 Bf6 22. Bh6 Bg7 23. Be3 Bf6 24. Rxd6 Nxg3 25. Qxc5 Nxf1 26. Kxf1 Qxc5 27. Bxc5 Be7 28. Ne4 Bxd6 29. Nxd6 Rc7 30. a4 h5 31. a5 Rd7 32. b4 Rfd8 33. Nxb7 Rxb7 34. Bxc6 Rd1+ 35. Kg2 Rc7 36. Bd5+ Kh7 37. Bb6 Re7 38. e4 g5 39. a6 Ra1 40. b5 g4 41. a7 Rexa7 42. Bxa7 Rxa7 43. b6 Ra2 44. c5 Rb2 45. c6 h4 46. c7 h3+ 47. Kg3 1-0

[Event "Bionext Festival 2019"]
[Site "Chihuahua"]
[Date "2019.11.30"]
[Round "3.5"]
[White "Rose, Felix"]
[Black "Della Morte, Pablo"]
[Result "1-0"]
[ECO "B90"]
[WhiteElo "2059"]
[BlackElo "2309"]
[Annotator "NA"]
[PlyCount "123"]
[EventDate "2019.11.30"]
[EventType "swiss"]
[EventCountry "MEX"]
[SourceTitle "playchess.com"]
[Source "ChessBase"]
[SourceQuality "1"]
[TimeControl "5400+30"]

1. e4 c5 2. Nf3 d6 3. d4 cxd4 4. Nxd4 Nf6 5. Nc3 a6 6. Be3 e5 7. Nb3 Be6 8. f3 Nbd7 9. g4 Nb6 10. g5 Nh5 11. Qd2 Rc8 12. O-O-O Be7 13. Kb1 O-O 14. Rg1 g6 15. Qf2 Nc4 16. Bxc4 Bxc4 17. Qd2 Qc7 18. Rg2 f6 19. Nd5 Bxd5 20. Qxd5+ Kh8 21. Rd3 fxg5 22. Rc3 Qd7 23. Rxc8 Rxc8 24. Bxg5 Bxg5 25. Rxg5 Nf4 26. Qd2 Qe7 27. Rg1 Rf8 28. Rd1 Rf6 29. Nc1 Qf7 30. b3 Nh3 31. a4 Qc7 32. Na2 Qc5 33. Nb4 Qf2 34. Qc3 Ng5 35. Qc8+ Kg7 36. Qxb7+ Rf7 37. Qxa6 Qxf3 38. Qxd6 Qxe4 39. Nc6 Nf3 40. a5 Rf6 41. Qd7+ Kh6 42. Qh3+ Kg5 43. Nd8 Nd2+ 44. Kc1 h5 45. Qg3+ Kh6 46. Rxd2 Rf1+ 47. Kb2 Rf3 48. Qg2 Qf5 49. h4 e4 50. Qg5+ Qxg5 51. hxg5+ Kxg5 52. a6 e3 53. Re2 Rf6 54. a7 Ra6 55. Nc6 Kf4 56. b4 h4 57. b5 Ra4 58. b6 Ra6 59. Kc3 h3 60. Kd3 Ra3+ 61. c3 g5 62. b7 {[%emt 0:02:15] Ke4+} 1-0

[Event "Bionext Festival 2019"]
[Site "Chihuahua"]
[Date "2019.11.30"]
[Round "3.6"]
[White "Tello Chavez, Isaac Valent"]
[Black "Gonzalez Estrada, Jesus Yo"]
[Result "1-0"]
[ECO "A24"]
[WhiteElo "2274"]
[BlackElo "1891"]
[Annotator "NA"]
[PlyCount "123"]
[EventDate "2019.11.30"]
[EventType "swiss"]
[EventCountry "MEX"]
[SourceTitle "playchess.com"]
[Source "ChessBase"]
[SourceQuality "1"]
[TimeControl "5400+30"]

1. c4 g6 2. g3 Bg7 3. Bg2 c5 4. Nc3 Nf6 5. e3 O-O 6. Nge2 Nc6 7. O-O d6 8. d3 e5 9. a3 Be6 10. Nd5 Qd7 11. Re1 Bh3 12. Bh1 Rac8 13. Nec3 Nxd5 14. Nxd5 Ne7 15. Rb1 Nxd5 16. Bxd5 Be6 17. Qf3 Bxd5 18. Qxd5 Qc6 19. e4 Qxd5 20. exd5 f5 21. Kg2 Rf7 22. Bd2 Re7 23. f3 Kf7 24. b4 cxb4 25. Bxb4 Rd7 26. a4 Bf6 27. Re2 Bd8 28. Be1 Bb6 29. Reb2 Rcc7 30. Bf2 Bd4 31. Re2 Re7 32. g4 Bxf2 33. Kxf2 Rc5 34. Ke3 Ra5 35. Ra2 Rc5 36. h4 e4 37. fxe4 fxe4 38. g5 exd3+ 39. Kxd3 Kg7 40. Rf2 Rec7 41. Rf4 Ra5 42. Rb4 h6 43. Rf6 hxg5 44. hxg5 Rd7 45. Kd4 Ra6 46. Re6 Ra5 47. Re8 Rc5 48. Rb8 b6 49. Kd3 Rcc7 50. Rb1 Rf7 51. Rd8 Rf3+ 52. Ke2 Rf5 53. Rxd6 Rxg5 54. Rc1 Rg4 55. Kd3 Rg3+ 56. Kd4 Rg4+ 57. Ke5 Rgxc4 58. Rxc4 Rxc4 59. Rd7+ Kf8 60. Rxa7 g5 61. d6 g4 62. Ra8+ 1-0

[Event "Bionext Festival 2019"]
[Site "Chihuahua"]
[Date "2019.11.30"]
[Round "3.8"]
[White "Rubio Ramos, Jorge Yadir"]
[Black "Pina Gonzalez, Jose Antonio"]
[Result "1/2-1/2"]
[ECO "D00"]
[WhiteElo "1819"]
[BlackElo "2170"]
[Annotator "NA"]
[PlyCount "72"]
[EventDate "2019.11.30"]
[EventType "swiss"]
[EventCountry "MEX"]
[SourceTitle "playchess.com"]
[Source "ChessBase"]
[SourceQuality "1"]
[TimeControl "5400+30"]

1. d4 Nf6 2. Bg5 e6 3. Nd2 d5 4. e3 c5 5. c3 Be7 6. Bd3 Nc6 7. f4 cxd4 8. exd4 Qc7 9. Ngf3 Bd6 10. Ne5 Bxe5 11. fxe5 Nxe5 12. Bb5+ Nc6 13. O-O Ng8 14. Qh5 g6 15. Qf3 f5 16. Bf4 Qd8 17. Rae1 Nf6 18. Bh6 Ng4 19. Bg7 Rg8 20. Be5 Ngxe5 21. Rxe5 Kf7 22. Bxc6 bxc6 23. Nb3 Rb8 24. Rfe1 Re8 25. Qf2 h5 26. Nc5 Qg5 27. b4 h4 28. h3 Ra8 29. Qe2 Qg3 30. Qd2 a5 31. Qh6 Qxc3 32. Qh7+ Kf6 33. Qxh4+ Kf7 34. Qh7+ Kf6 35. Qh4+ Kf7 36. Qh7+ Kf6 1/2-1/2

[Event "Bionext Festival 2019"]
[Site "Chihuahua"]
[Date "2019.11.30"]
[Round "3.9"]
[White "Valle Caballero, Julio Cesar"]
[Black "Castillo Coca, Mairebis"]
[Result "0-1"]
[ECO "E72"]
[WhiteElo "1661"]
[BlackElo "2134"]
[Annotator "NA"]
[PlyCount "89"]
[EventDate "2019.11.30"]
[EventType "swiss"]
[EventCountry "MEX"]
[SourceTitle "playchess.com"]
[Source "ChessBase"]
[SourceQuality "1"]
[TimeControl "5400+30"]

1. c4 Nf6 2. Nc3 g6 3. e4 d6 4. d4 Bg7 5. g3 O-O 6. Bg2 c6 7. Nge2 Nbd7 8. O-O e5 9. d5 c5 10. Bg5 h6 11. Bxf6 Nxf6 12. a3 Bg4 13. h3 Bd7 14. Kh2 a6 15. a4 b6 16. Qd3 Nh5 17. f4 exf4 18. Nxf4 Nxf4 19. gxf4 g5 20. f5 Be5+ 21. Kh1 Qf6 22. Ra2 Rab8 23. Nd1 b5 24. axb5 axb5 25. b3 bxc4 26. bxc4 Rb7 27. Ne3 h5 28. Bf3 Qh6 29. Rg2 Rfb8 30. Rfg1 Bf4 31. Bd1 Kf8 32. Nf1 Rb4 33. Ng3 g4 34. Nxh5 Qxh5 35. Rxg4 Qh6 36. Qf3 Be5 37. h4 Rb2 38. Be2 Rxe2 39. Qxe2 Rb2 40. Qxb2 Bxb2 41. Rb1 Be5 42. Rb8+ Be8 43. Rxe8+ Kxe8 44. Rg8+ Kd7 45. Rg5 0-1

[Event "Bionext Festival 2019"]
[Site "Chihuahua"]
[Date "2019.11.30"]
[Round "3.11"]
[White "Martinez Castaneda, Allan"]
[Black "Vargas Miranda, Diego"]
[Result "1-0"]
[ECO "B04"]
[WhiteElo "2045"]
[BlackElo "1892"]
[Annotator "NA"]
[PlyCount "45"]
[EventDate "2019.11.30"]
[EventType "swiss"]
[EventCountry "MEX"]
[SourceTitle "playchess.com"]
[Source "ChessBase"]
[SourceQuality "1"]
[TimeControl "5400+30"]

1. e4 Nf6 2. e5 Nd5 3. d4 d6 4. Nf3 Bf5 5. Bd3 Bxd3 6. Qxd3 c6 7. e6 fxe6 8. Ng5 Nf6 9. O-O Na6 10. Qb3 Qc8 11. Nxe6 Nc7 12. Ng5 d5 13. Re1 h6 14. Nf3 e6 15. Ne5 Bd6 16. Ng6 Rg8 17. Bf4 Bxf4 18. Nxf4 g5 19. Nd3 Kf7 20. Nd2 Rb8 21. Re2 Kg7 22. f4 gxf4 23. Nxf4 1-0